 Dungeon Crawl Stone Soup version 0.27-a0-328-g7f782ed (webtiles) character file.

Game seed: 18169261883025849790

54341 Cunctator the Martial Artist (level 14, -4/109 HPs)
             Began as a Gnoll Transmuter on Feb 8, 2021.
             Was a High Priest of Ashenzari.
             Slain by Jorgrun
             ... wielding a staff of earth
              (8 damage)
             ... on level 12 of the Dungeon on Feb 11, 2021.
             The game lasted 03:44:57 (35371 turns).

Cunctator the Martial Artist (Gnoll Transmuter)    Turns: 35371, Time: 03:44:58

Health: -4/109     AC: 12    Str: 11    XL:     14   Next: 72%
Magic:  19/28      EV:  8    Int: 14    God:    Ashenzari [*****.]
Gold:   1056       SH:  0    Dex: 19    Spells: 11/34 levels left

rFire    . . .     SeeInvis +     - Unarmed
rCold    . . .     Faith    .   (shield currently unavailable)
rNeg     + + .     Spirit   .   U - +0 acid dragon scales (curse)
rPois    +         Reflect  .   b - +0 helmet (curse)
rElec    .         Harm     .   Z - +1 cloak of the Forsaken Artisans {rPois rN++ Slay-3 SInv}
rCorr    +         Rampage  .   (gloves currently unavailable)
Will     ++...     Clarity  +   (no boots)
Stlth    +++++.....             t - amulet of magic regeneration (curse)
HPRegen  0.28/turn              H - +6 ring of dexterity (curse)
MPRegen  0.46/turn              R - ring of willpower (curse)

@: mighty, about to teleport, blade hands (expiring), petrifying (expiring),
grasped by roots, very slightly contaminated, constricted, very slow
A: distributed training, fangs 1, dopey 1, strong nose
a: End Transformation, Renounce Religion, Curse Item, Scrying


You were on level 12 of the Dungeon.
You worshipped Ashenzari.
Ashenzari was extremely pleased with you.
You had blades for hands.
You visited 4 branches of the dungeon, and saw 20 of its levels.

You collected 1816 gold pieces.
You spent 760 gold pieces at shops.


Innate Abilities, Weirdness & Mutations

Your experience applies equally to all skills.
You have very sharp teeth.
Your uncanny sense of smell can sniff out nearby items.
You are dopey. (Int -2)


   Skills:
 + Level 9.8 Fighting
 + Level 9.4 Short Blades
 + Level 9.4 Long Blades
 + Level 9.4 Axes
 + Level 9.4 Maces & Flails
 + Level 9.4 Polearms
 + Level 9.4(12.0) Staves
 + Level 9.4 Slings
 + Level 9.4 Bows
 + Level 9.4 Crossbows
 + Level 9.4 Throwing
 + Level 9.4 Armour
 + Level 10.4(12.9) Dodging
 + Level 9.4(12.0) Stealth
 + Level 9.4(12.0) Shields
 + Level 11.3 Unarmed Combat
 + Level 10.6 Spellcasting
 + Level 7.9(11.9) Conjurations
 + Level 7.9(11.9) Hexes
 + Level 7.9(11.9) Summonings
 + Level 7.9(11.9) Necromancy
 + Level 7.9(11.9) Translocations
 + Level 8.8(12.7) Transmutations
 + Level 7.9(11.9) Fire Magic
 + Level 7.9(11.9) Ice Magic
 + Level 7.9(11.9) Air Magic
 + Level 7.9(11.9) Earth Magic
 + Level 7.9(11.9) Poison Magic
 + Level 10.2 Invocations
 + Level 9.4(14.4) Evocations


You had 11 spell levels left.
You knew the following spells:

 Your Spells              Type           Power        Failure   Level
c - Ice Form              Ice/Tmut       42%          14%         4
v - Fireball              Conj/Fire      20%          24%         5
x - Spider Form           Tmut/Pois      21%          10%         3
y - Blade Hands           Tmut           21%          21%         5
z - Beastly Appendage     Tmut           86%          6%          1
X - Irradiate             Conj/Tmut      21%          22%         5

Your spell library contained the following spells:

 Spells                   Type           Power        Failure   Level
 Foxfire                  Conj/Fire      100%         7%          1
 Wereblood                Tmut           43%          7%          2
 Conjure Flame            Conj/Fire      40%          10%         3
 Inner Flame              Hex/Fire       40%          10%         3
 Sticky Flame             Conj/Fire      40%          16%         4
 Hydra Form               Tmut           21%          47%         6
 Statue Form              Tmut/Erth      28%          52%         6
 Dragon Form              Tmut           21%          88%         7

Inventory:

Hand Weapons
 h - a cursed +0 short sword
 i - a cursed +0 hunting sling
 w - a cursed +3 quarterstaff of chaos
 B - a cursed +2 battleaxe of flaming
Missiles
 c - 628 stones (quivered)
 k - 2 throwing nets {=f}
 v - 53 poisoned darts
Armour
 b - a cursed +0 helmet (worn)
 l - a cursed +0 pair of gloves (melded)
 s - a cursed +2 tower shield
 U - cursed +0 acid dragon scales (worn)
 W - a cursed +0 buckler (melded)
 Z - the +1 cloak of the Forsaken Artisans (worn) {rPois rN++ Slay-3 SInv}

   It affects your accuracy and damage with ranged weapons and melee attacks
   (-3).
   It protects you from poison.
   It greatly protects you from negative energy.
   It lets you see invisible.
Magical Staves
 T - a cursed staff of conjuration (melded) {!a}
 V - a staff of air
Jewellery
 t - a cursed amulet of magic regeneration (around neck)
 H - a cursed +6 ring of dexterity (left scythe-like blade)
 Q - a cursed ring of positive energy
 R - a cursed ring of willpower (right scythe-like blade)
Wands
 f - a wand of paralysis (3)
 I - a wand of mindburst (7)
Scrolls
 a - a scroll of vulnerability {!r}
 e - 2 scrolls of enchant weapon
 o - 3 scrolls of teleportation {@r4}
 u - 2 scrolls of noise {!r}
 x - 4 scrolls of amnesia
 y - a scroll of enchant armour
 C - 5 scrolls of blinking
 D - 10 scrolls of identify {@r1}
 F - a scroll of immolation {!r}
 L - a scroll of brand weapon
 M - 3 scrolls of magic mapping
 O - 2 scrolls of holy word
 P - 3 scrolls of fog
 X - 3 scrolls of fear
 Y - 2 scrolls of summoning
Potions
 d - 3 potions of might
 g - 2 potions of invisibility
 j - 4 potions of brilliance
 m - 5 potions of haste {@q3}
 n - 2 potions of cancellation
 p - a potion of berserk rage {!q}
 q - 2 potions of magic
 r - 10 potions of curing {@q1}
 z - 3 potions of attraction {!q}
 A - 3 potions of degeneration {!q}
 E - 5 potions of lignification {!q}
 J - 2 potions of mutation {!q}
 K - 2 potions of flight
 N - 2 potions of heal wounds {@q2}
 S - 2 potions of resistance
Miscellaneous
 G - a tin of tremorstones (inert)

Dungeon Overview and Level Annotations

Branches:
Dungeon (12/15)            Temple (1/1) D:4            Lair (5/6) D:9
 Shoals (0/4) Lair:2        Snake (0/4) Lair:4          Orc (2/2) D:9
    Elf (0/3) Orc:2
  Slime: Lair:5-6

Altars:
Ashenzari
Cheibriados
Dithmenos
Elyvilon
Fedhas
Gozag
Hepliaklqana
Kikubaaqudgha
Makhleb
Nemelex Xobeh
Okawaru
Qazlal
Ru
Sif Muna
Trog
Uskayaw
Vehumet
Wu Jian
Xom
Yredelemnul
Zin
The Shining One

Shops:
D:6 =   D:9 (!   D:11 [   Orc:2 [[

Annotations:
D:2 Sigmund
D:3 , 2 transporters, exclusion: Natasha, djmy96's ghost, amateur SpEn
D:8 3 runed translucent doors, Caerwyn's ghost, journeyman KoCj; anarkitty's ghost, novice DEEE
D:12 exclusion: orange crystal statue, Jorgrun

,,░ ,░ , , ≈ ≈§§§.. , ░
░...(..≈§≈8 S≈.... ░
░▒....S≈§.>..≈.... ,,
>,░ ▒.....S§£≈≈≈≈....
,<░ ░▒▒
▒.....S≈≈≈≈≈..... ░ ,, ,
▒.▒▒.....§§..≈...... ,░
,░ ░,
▒.▒..............!.
▒.▒▒▒▒.................
░ ░, ░
▒.....g†?............▒.
░ ,
........g..▒.........▒▒.
░ ,
▒▒▒▒▒▒▒▒▒.........▒.▒▒▒▒
, , , ░▒▒..▒▒▒.▒.)..▒▒ ,
,,,, { {{ { ,.....▒
.▒)▒.▒.▒▒ , ,, ░
▒▒▒..▒.▒......... , , ,
▒..▒▒..▒.▒.▒.▒▒ ,∩ ,,{ ░
▒.£▒░▒.▒▒...▒▒ , ▒..▒
▒.▒▒y...


You could see Jorgrun and 3 lava snakes.


Message History

Jorgrun misses you.
* * * LOW HITPOINT WARNING * * *
The grasping roots constrict you.
You barely miss Jorgrun.
Jorgrun is lightly wounded.
Jorgrun gestures at you while chanting.
You are slowing down.
* * * LOW HITPOINT WARNING * * *
The grasping roots constrict you!
Okay, then.
As you read the scroll of teleportation {@r4}, it crumbles to dust.
You feel strangely unstable. Jorgrun gestures at you while chanting.
The iron shot hits you!!
* * * LOW HITPOINT WARNING * * *
The grasping roots constrict you.
Your limbs are stiffening.
The roots' grasp on you weakens, but your attempt to escape fails.
Jorgrun hits you with a staff of earth.
* * * LOW HITPOINT WARNING * * *
Jorgrun shatters you.
* * * LOW HITPOINT WARNING * * *
* * * LOW HITPOINT WARNING * * *
The grasping roots constrict you!
Jorgrun says, "'tis place shall be yer tomb!"
Jorgrun hits you with a staff of earth!
* * * LOW HITPOINT WARNING * * *
Jorgrun shatters you.
* * * LOW HITPOINT WARNING * * *
You die...

Action                   |  1- 3 |  4- 6 |  7- 9 | 10-12 | 13-15 || total
-------------------------+-------+-------+-------+-------+-------++-------
Melee: Spear             |    10 |       |       |       |       ||    10
       Unarmed           |    13 |    38 |   123 |   361 |   420 ||   955
       Kick              |    13 |     5 |     2 |       |       ||    20
       Bite              |     9 |     6 |    28 |    18 |    31 ||    92
       Headbutt          |     3 |     2 |     3 |       |       ||     8
       Dagger            |   178 |    15 |       |       |       ||   193
       Punch             |     4 |       |       |       |     7 ||    11
       Rapier            |       |    52 |       |       |       ||    52
       Battleaxe         |       |    58 |    76 |       |       ||   134
       Scimitar          |       |       |   173 |    95 |       ||   268
       Staff             |       |       |       |    57 |    85 ||   142
Throw: Stone             |     6 |    12 |    99 |    61 |    35 ||   213
 Cast: Beastly Appendage |    18 |     5 |     3 |       |       ||    26
       Spider Form       |     1 |    12 |    19 |     3 |       ||    35
       Ice Form          |       |       |       |    48 |    40 ||    88
       Irradiate         |       |       |       |    17 |    29 ||    46
       Fireball          |       |       |       |    13 |    87 ||   100
       Blade Hands       |       |       |       |       |    25 ||    25
Invok: Curse Item        |       |       |     1 |     2 |       ||     3
 Abil: End Transformatio |       |     2 |     2 |    11 |     1 ||    16
Evoke: Wand              |       |       |     3 |     2 |       ||     5
       Tin of tremorston |       |       |       |       |     2 ||     2
  Use: Scroll            |       |     5 |     2 |     4 |     1 ||    12
       Potion            |       |       |       |     1 |     4 ||     5
 Stab: Sleeping          |     1 |     4 |     5 |    14 |     3 ||    27
       Distracted        |       |       |       |     2 |       ||     2
       Paralysed         |       |       |       |     5 |       ||     5
Armor: Robe              |    28 |    18 |       |       |       ||    46
       Leather armour    |       |     5 |    13 |       |       ||    18
       Skin              |       |       |     3 |    30 |    30 ||    63
       Acid dragon scale |       |       |    41 |    30 |    27 ||    98
Dodge: Dodged            |   158 |   151 |   287 |   338 |   355 ||  1289
Block: Buckler           |       |       |    56 |    35 |    24 ||   115
       Rpst.: Scimitar   |       |       |    40 |    24 |       ||    64

Levels and vault maps discovered:
D:1:      amcnicky_arrival_blooded_trapdoor, layout_basic,
          chequers_serial_rivers_micro_b
D:2:      layout_basic, uniq_sigmund
D:3:      minmay_spotlight, layout_loops_cross, gammafunk_ghost_arena,
          uniq_natasha, uniq_crazy_yiuf_cottage
D:4:      layout_loops_ring, pdpol_wu_jian_five_deadly_venoms,
          minmay_temple_entry_large_hall
D:5:      layout_rooms, zin_purify, minmay_misc_feat_tower
D:6:      layout_basic, nicolae_overflow_hidden_temple, serial_shops,
          nicolae_shop_stone, grunt_ministairs_11, minmay_splitting_lines,
          uniq_maggie, uniq_duvessa, uniq_prince_ribbit1
D:7:      layout_cave_pools, minmay_overflow_temple_star_quad
D:8:      layout_gridville, okawaru_trees_2, gammafunk_ghost_cemetery,
          kennysheep_opposing_triangles
D:9:      layout_irregular_city, nicolae_overflow_crystal_walls,
          lemuel_doored_altar, dpeg_lair_monsters, orc_david_3, serial_shops,
          shop, water_boxes_lemuel
D:10:     layout_loops_cross
D:11:     minmay_bubble_buster, layout_rooms, serial_shops, shop
D:12:     layout_loops_ring, enter_bailey_6, disabler_island, uniq_jorgrun
Temple:   nicolae_temple_figure_eight
Lair:1:   layout_long_grid, serial_bayou_pond_d
Lair:2:   layout_big_grid, elwin_shoals_entry_rooms
Lair:3:   layout_loops_ring, st_stairs_6, wad_woods_01, serial_bayou_shore_a,
          grunt_megastairs_2
Lair:4:   layout_loops_ring, guppyfry_snake_entry_island,
          hellmonk_ghost_happy_afterlife
Lair:5:   layout_gridlike, infiniplex_staircase_pool
Orc:1:    layout_caves
Orc:2:    st_orc_pillars, layout_diamond_mine

Notes
Turn   | Place    | Note
-------+----------+-------------------------------------------
     0 | D:1      | Cunctator the Gnoll Transmuter began the quest for the Orb.
     0 | D:1      | Reached XP level 1. HP: 17/17 MP: 6/6
   109 | D:1      | Reached XP level 2. HP: 14/23 MP: 7/7
   830 | D:1      | Reached XP level 3. HP: 21/28 MP: 9/9
   977 | D:1      | Reached skill level 5 in Spellcasting
  1600 | D:2      | Reached skill level 1 in Invocations
  1959 | D:2      | Noticed Sigmund
  2031 | D:3      | Reached skill level 1 in Short Blades
  2031 | D:3      | Reached skill level 1 in Long Blades
  2031 | D:3      | Reached skill level 1 in Axes
  2031 | D:3      | Reached skill level 1 in Maces & Flails
  2031 | D:3      | Reached skill level 1 in Polearms
  2031 | D:3      | Reached skill level 1 in Staves
  2031 | D:3      | Reached skill level 1 in Slings
  2031 | D:3      | Reached skill level 1 in Bows
  2031 | D:3      | Reached skill level 1 in Crossbows
  2031 | D:3      | Reached skill level 1 in Throwing
  2031 | D:3      | Reached skill level 1 in Armour
  2031 | D:3      | Reached skill level 1 in Stealth
  2031 | D:3      | Reached skill level 1 in Shields
  2031 | D:3      | Reached skill level 1 in Evocations
  2053 | D:3      | Learned a level 3 spell: Spider Form
  2203 | D:3      | Found a runed translucent door.
  2204 | D:3      | Noticed Crazy Yiuf
  2287 | D:3      | Reached XP level 4. HP: 32/34 MP: 4/11
  2348 | D:3      | Found a transporter.
  2366 | D:3      | Noticed djmy96's ghost (amateur SpEn)
  2484 | D:3      | Noticed a two-headed ogre
  2485 | D:3      | Found a transporter.
  2875 | D:3      | Reached skill level 1 in Conjurations
  2875 | D:3      | Reached skill level 1 in Hexes
  2875 | D:3      | Reached skill level 1 in Summonings
  2875 | D:3      | Reached skill level 1 in Necromancy
  2875 | D:3      | Reached skill level 1 in Translocations
  2875 | D:3      | Reached skill level 1 in Fire Magic
  2875 | D:3      | Reached skill level 1 in Ice Magic
  2875 | D:3      | Reached skill level 1 in Air Magic
  2875 | D:3      | Reached skill level 1 in Earth Magic
  2875 | D:3      | Reached skill level 1 in Poison Magic
  3061 | D:3      | Noticed Natasha
  3553 | D:3      | Killed Crazy Yiuf
  3554 | D:3      | Reached XP level 5. HP: 40/40 MP: 8/12
  4125 | D:3      | Killed Natasha
  4126 | D:3      | Reached skill level 3 in Fighting
  4126 | D:3      | Reached skill level 4 in Transmutations
  4864 | D:4      | Upgraded the game from 0.27-a0-287-gd4424db to
                  | 0.27-a0-291-gd9602db
  4897 | D:4      | Found a staircase to the Ecumenical Temple.
  5206 | D:4      | Reached skill level 2 in Invocations
  5206 | D:4      | Reached XP level 6. HP: 47/47 MP: 9/13
  5252 | D:4      | Found an ornate altar of the Wu Jian Council.
  5683 | D:4      | Reached skill level 5 in Dodging
  5686 | D:4      | Reached skill level 2 in Short Blades
  5686 | D:4      | Reached skill level 2 in Long Blades
  5686 | D:4      | Reached skill level 2 in Axes
  5686 | D:4      | Reached skill level 2 in Maces & Flails
  5686 | D:4      | Reached skill level 2 in Polearms
  5686 | D:4      | Reached skill level 2 in Staves
  5686 | D:4      | Reached skill level 2 in Slings
  5686 | D:4      | Reached skill level 2 in Bows
  5686 | D:4      | Reached skill level 2 in Crossbows
  5686 | D:4      | Reached skill level 2 in Throwing
  5686 | D:4      | Reached skill level 2 in Armour
  5686 | D:4      | Reached skill level 2 in Stealth
  5686 | D:4      | Reached skill level 2 in Shields
  5686 | D:4      | Reached skill level 2 in Evocations
  5960 | D:5      | Entered Level 5 of the Dungeon
  5960 | D:5      | Found Zin's Purification Station.
  6002 | Temple   | Entered the Ecumenical Temple
  6090 | Temple   | Became a worshipper of Ashenzari the Shackled
  6294 | D:5      | Found a glowing silver altar of Zin.
  6310 | D:5      | Bought a potion of curing for 90 gold pieces
  6774 | D:5      | Noticed an ice beast
  6886 | D:5      | Noticed a sky beast
  7246 | D:5      | Reached XP level 7. HP: 50/52 MP: 15/15
  7301 | D:4      | Reached skill level 7 in Unarmed Combat
  7481 | D:4      | Upgraded the game from 0.27-a0-291-gd9602db to
                  | 0.27-a0-295-ge1136d6
  7506 | D:5      | Reached skill level 2 in Conjurations
  7506 | D:5      | Reached skill level 2 in Hexes
  7506 | D:5      | Reached skill level 2 in Summonings
  7506 | D:5      | Reached skill level 2 in Necromancy
  7506 | D:5      | Reached skill level 2 in Translocations
  7506 | D:5      | Reached skill level 2 in Fire Magic
  7506 | D:5      | Reached skill level 2 in Ice Magic
  7506 | D:5      | Reached skill level 2 in Air Magic
  7506 | D:5      | Reached skill level 2 in Earth Magic
  7506 | D:5      | Reached skill level 2 in Poison Magic
  7738 | D:6      | Identified +0 acid dragon scales
  7738 | D:6      | Noticed Maggie
  8161 | D:6      | Found Riunne Onlu's Jewellery Shoppe.
  8238 | D:6      | Reached skill level 3 in Invocations
  8424 | D:6      | Noticed Dowan
  8446 | D:6      | Reached XP level 8. HP: 23/57 MP: 13/16
  8983 | D:5      | Reached skill level 4 in Fighting
  8983 | D:5      | Reached skill level 3 in Short Blades
  8983 | D:5      | Reached skill level 3 in Long Blades
  8983 | D:5      | Reached skill level 3 in Axes
  8983 | D:5      | Reached skill level 3 in Maces & Flails
  8983 | D:5      | Reached skill level 3 in Polearms
  8983 | D:5      | Reached skill level 3 in Staves
  8983 | D:5      | Reached skill level 3 in Slings
  8983 | D:5      | Reached skill level 3 in Bows
  8983 | D:5      | Reached skill level 3 in Crossbows
  8983 | D:5      | Reached skill level 3 in Throwing
  8983 | D:5      | Reached skill level 3 in Armour
  8983 | D:5      | Reached skill level 3 in Stealth
  8983 | D:5      | Reached skill level 3 in Shields
  8983 | D:5      | Reached skill level 3 in Evocations
  9037 | D:6      | Noticed Duvessa
  9461 | D:6      | Reached skill level 6 in Spellcasting
  9760 | D:6      | Found an ancient bone altar of Kikubaaqudgha.
  9762 | D:6      | Noticed Prince Ribbit
 10003 | D:6      | Killed Duvessa
 10061 | D:6      | Killed Dowan
 10180 | D:6      | Killed Maggie
 10181 | D:6      | Reached skill level 6 in Dodging
 10181 | D:6      | Reached skill level 3 in Conjurations
 10181 | D:6      | Reached skill level 3 in Hexes
 10181 | D:6      | Reached skill level 3 in Summonings
 10181 | D:6      | Reached skill level 3 in Necromancy
 10181 | D:6      | Reached skill level 3 in Translocations
 10181 | D:6      | Reached skill level 5 in Transmutations
 10181 | D:6      | Reached skill level 3 in Fire Magic
 10181 | D:6      | Reached skill level 3 in Ice Magic
 10181 | D:6      | Reached skill level 3 in Air Magic
 10181 | D:6      | Reached skill level 3 in Earth Magic
 10181 | D:6      | Reached skill level 3 in Poison Magic
 10181 | D:6      | Reached skill level 4 in Invocations
 10181 | D:6      | Reached XP level 9. HP: 27/66 MP: 15/18
 10916 | D:7      | Reached skill level 4 in Short Blades
 10916 | D:7      | Reached skill level 4 in Long Blades
 10916 | D:7      | Reached skill level 4 in Axes
 10916 | D:7      | Reached skill level 4 in Maces & Flails
 10916 | D:7      | Reached skill level 4 in Polearms
 10916 | D:7      | Reached skill level 4 in Staves
 10916 | D:7      | Reached skill level 4 in Slings
 10916 | D:7      | Reached skill level 4 in Bows
 10916 | D:7      | Reached skill level 4 in Crossbows
 10916 | D:7      | Reached skill level 4 in Throwing
 10916 | D:7      | Reached skill level 4 in Armour
 10916 | D:7      | Reached skill level 4 in Stealth
 10916 | D:7      | Reached skill level 4 in Shields
 10916 | D:7      | Reached skill level 4 in Evocations
 11254 | D:7      | Reached skill level 5 in Fighting
 11318 | D:6      | HP: 6/68 [poisoned by a gnoll sergeant]
 11324 | D:6      | HP: 4/68 [poisoned by a gnoll sergeant]
 11330 | D:6      | HP: 2/68 [poisoned by a gnoll sergeant]
 11338 | D:6      | HP: 2/68 [poisoned by a gnoll sergeant]
 11346 | D:6      | HP: 1/68 [poisoned by a gnoll sergeant]
 11972 | D:7      | Found a shadowy altar of Dithmenos.
 11978 | D:7      | Found a snail-covered altar of Cheibriados.
 11981 | D:7      | Found a basalt altar of Yredelemnul.
 12227 | D:8      | Reached skill level 8 in Unarmed Combat
 12746 | D:8      | Reached skill level 5 in Invocations
 12897 | D:8      | Noticed a two-headed ogre
 13568 | D:8      | Reached skill level 7 in Spellcasting
 13974 | D:8      | Reached skill level 4 in Conjurations
 13974 | D:8      | Reached skill level 4 in Hexes
 13974 | D:8      | Reached skill level 4 in Summonings
 13974 | D:8      | Reached skill level 4 in Necromancy
 13974 | D:8      | Reached skill level 4 in Translocations
 13974 | D:8      | Reached skill level 4 in Fire Magic
 13974 | D:8      | Reached skill level 4 in Ice Magic
 13974 | D:8      | Reached skill level 4 in Air Magic
 13974 | D:8      | Reached skill level 4 in Earth Magic
 13974 | D:8      | Reached skill level 4 in Poison Magic
 13974 | D:8      | Reached XP level 10. HP: 59/74 MP: 20/20
 13979 | D:8      | Learned a level 4 spell: Ice Form
 14311 | D:8      | Reached skill level 5 in Short Blades
 14311 | D:8      | Reached skill level 5 in Long Blades
 14311 | D:8      | Reached skill level 5 in Axes
 14311 | D:8      | Reached skill level 5 in Maces & Flails
 14311 | D:8      | Reached skill level 5 in Polearms
 14311 | D:8      | Reached skill level 5 in Staves
 14311 | D:8      | Reached skill level 5 in Slings
 14311 | D:8      | Reached skill level 5 in Bows
 14311 | D:8      | Reached skill level 5 in Crossbows
 14311 | D:8      | Reached skill level 5 in Throwing
 14311 | D:8      | Reached skill level 5 in Armour
 14311 | D:8      | Reached skill level 5 in Stealth
 14311 | D:8      | Reached skill level 5 in Shields
 14311 | D:8      | Reached skill level 5 in Evocations
 14546 | D:8      | Found an iron altar of Okawaru.
 14608 | D:8      | Found a runed translucent gate.
 14608 | D:8      | Found a runed translucent gate.
 14608 | D:8      | Found a runed translucent gate.
 14609 | D:8      | Noticed anarkitty's ghost (novice DEEE)
 14610 | D:8      | Noticed Caerwyn's ghost (journeyman KoCj)
 14761 | D:9      | Noticed a death yak
 14761 | D:9      | Noticed a death yak
 14761 | D:9      | Noticed a death yak
 14761 | D:9      | Noticed a death yak
 14783 | D:8      | Killed a death yak
 14784 | D:8      | Reached skill level 7 in Dodging
 15029 | D:9      | Reached * piety under Ashenzari
 15102 | D:9      | Noticed a deep elf pyromancer
 15119 | D:8      | Killed a deep elf pyromancer
 15120 | D:8      | Reached skill level 6 in Fighting
 15142 | D:9      | Found a glowing golden altar of the Shining One.
 15223 | D:9      | Noticed a two-headed ogre
 15247 | D:9      | Found Zifegi's Weapon Shoppe.
 15247 | D:9      | Found a staircase to the Orcish Mines.
 15356 | D:8      | Reached skill level 6 in Transmutations
 15356 | D:8      | Reached skill level 6 in Invocations
 15643 | D:9      | Found a sparkling altar of Nemelex Xobeh.
 16075 | D:8      | Upgraded the game from 0.27-a0-295-ge1136d6 to
                  | 0.27-a0-319-gb975c09
 16195 | D:9      | Found a staircase to the Lair.
 16260 | D:9      | Found Wuargh's Distillery.
 16262 | D:9      | Noticed a six-headed hydra
 16281 | D:9      | Killed a six-headed hydra
 16464 | D:9      | Bought a potion of heal wounds for 65 gold pieces
 16469 | D:9      | Noticed a death yak
 16469 | D:9      | Noticed a death yak
 16469 | D:9      | Noticed a death yak
 16597 | D:9      | Reached XP level 11. HP: 81/83 MP: 22/22
 16705 | D:9      | Reached skill level 9 in Unarmed Combat
 16847 | D:6      | Bought an amulet of magic regeneration for 330 gold pieces
 17024 | D:6      | Killed Prince Ribbit
 17025 | D:6      | Reached skill level 6 in Short Blades
 17025 | D:6      | Reached skill level 6 in Long Blades
 17025 | D:6      | Reached skill level 6 in Axes
 17025 | D:6      | Reached skill level 6 in Maces & Flails
 17025 | D:6      | Reached skill level 6 in Polearms
 17025 | D:6      | Reached skill level 6 in Staves
 17025 | D:6      | Reached skill level 6 in Slings
 17025 | D:6      | Reached skill level 6 in Bows
 17025 | D:6      | Reached skill level 6 in Crossbows
 17025 | D:6      | Reached skill level 6 in Throwing
 17025 | D:6      | Reached skill level 6 in Armour
 17025 | D:6      | Reached skill level 6 in Stealth
 17025 | D:6      | Reached skill level 6 in Shields
 17025 | D:6      | Reached skill level 6 in Evocations
 17125 | D:9      | Noticed a death yak
 17195 | D:9      | Killed a death yak
 17196 | D:9      | Reached skill level 8 in Spellcasting
 17196 | D:9      | Reached skill level 5 in Conjurations
 17196 | D:9      | Reached skill level 5 in Hexes
 17196 | D:9      | Reached skill level 5 in Summonings
 17196 | D:9      | Reached skill level 5 in Necromancy
 17196 | D:9      | Reached skill level 5 in Translocations
 17196 | D:9      | Reached skill level 5 in Fire Magic
 17196 | D:9      | Reached skill level 5 in Ice Magic
 17196 | D:9      | Reached skill level 5 in Air Magic
 17196 | D:9      | Reached skill level 5 in Earth Magic
 17196 | D:9      | Reached skill level 5 in Poison Magic
 17631 | D:9      | Noticed a death yak
 17943 | D:8      | Killed a death yak
 18117 | D:8      | Killed a death yak
 18614 | D:8      | Killed a death yak
 18615 | D:8      | Reached skill level 7 in Invocations
 18887 | D:10     | Entered Level 10 of the Dungeon
 18905 | D:10     | Reached skill level 7 in Fighting
 18905 | D:10     | Reached skill level 8 in Dodging
 19951 | D:10     | Reached ** piety under Ashenzari
 20366 | D:10     | Upgraded the game from 0.27-a0-319-gb975c09 to
                  | 0.27-a0-320-g81d27af
 20379 | D:10     | Learned a level 5 spell: Irradiate
 20740 | D:11     | Killed an unseen horror
 20754 | D:11     | Gained mutation: You are dopey. (Int -2) [mutagenic glow]
 21029 | D:11     | Noticed a two-headed ogre
 21038 | D:11     | Killed a two-headed ogre
 21039 | D:11     | Reached skill level 7 in Transmutations
 21039 | D:11     | Reached XP level 12. HP: 91/91 MP: 22/24
 21175 | D:11     | Noticed a boulder beetle
 21188 | D:11     | Killed a boulder beetle
 21189 | D:11     | Reached skill level 7 in Short Blades
 21189 | D:11     | Reached skill level 7 in Long Blades
 21189 | D:11     | Reached skill level 7 in Axes
 21189 | D:11     | Reached skill level 7 in Maces & Flails
 21189 | D:11     | Reached skill level 7 in Polearms
 21189 | D:11     | Reached skill level 7 in Staves
 21189 | D:11     | Reached skill level 7 in Slings
 21189 | D:11     | Reached skill level 7 in Bows
 21189 | D:11     | Reached skill level 7 in Crossbows
 21189 | D:11     | Reached skill level 7 in Throwing
 21189 | D:11     | Reached skill level 7 in Armour
 21189 | D:11     | Reached skill level 7 in Stealth
 21189 | D:11     | Reached skill level 7 in Shields
 21189 | D:11     | Reached skill level 7 in Evocations
 21359 | D:11     | Found Urchimpe's Antique Armour Boutique.
 21501 | D:10     | Killed a death yak
 21785 | Lair:1   | Entered Level 1 of the Lair of Beasts
 22026 | Lair:1   | Noticed an eight-headed hydra
 22066 | Lair:1   | Killed an eight-headed hydra
 22067 | Lair:1   | Reached skill level 6 in Conjurations
 22067 | Lair:1   | Reached skill level 6 in Hexes
 22067 | Lair:1   | Reached skill level 6 in Summonings
 22067 | Lair:1   | Reached skill level 6 in Necromancy
 22067 | Lair:1   | Reached skill level 6 in Translocations
 22067 | Lair:1   | Reached skill level 6 in Fire Magic
 22067 | Lair:1   | Reached skill level 6 in Ice Magic
 22067 | Lair:1   | Reached skill level 6 in Air Magic
 22067 | Lair:1   | Reached skill level 6 in Earth Magic
 22067 | Lair:1   | Reached skill level 6 in Poison Magic
 22289 | Lair:1   | Reached skill level 8 in Invocations
 22297 | Lair:1   | Reached skill level 9 in Spellcasting
 22619 | Lair:1   | Learned a level 5 spell: Fireball
 23156 | Lair:2   | Reached skill level 8 in Fighting
 23156 | Lair:2   | Reached skill level 10 in Unarmed Combat
 23310 | Lair:2   | Found a staircase to the Shoals.
 23340 | Lair:2   | Reached skill level 9 in Dodging
 23466 | Lair:2   | Reached *** piety under Ashenzari
 24113 | Lair:3   | Identified a +2 robe of the Archmagi
 24160 | Lair:3   | Reached XP level 13. HP: 98/98 MP: 26/26
 24259 | Lair:3   | Learned a level 5 spell: Blade Hands
 24621 | Lair:3   | Reached skill level 8 in Short Blades
 24621 | Lair:3   | Reached skill level 8 in Long Blades
 24621 | Lair:3   | Reached skill level 8 in Axes
 24621 | Lair:3   | Reached skill level 8 in Maces & Flails
 24621 | Lair:3   | Reached skill level 8 in Polearms
 24621 | Lair:3   | Reached skill level 8 in Staves
 24621 | Lair:3   | Reached skill level 8 in Slings
 24621 | Lair:3   | Reached skill level 8 in Bows
 24621 | Lair:3   | Reached skill level 8 in Crossbows
 24621 | Lair:3   | Reached skill level 8 in Throwing
 24621 | Lair:3   | Reached skill level 8 in Armour
 24621 | Lair:3   | Reached skill level 8 in Stealth
 24621 | Lair:3   | Reached skill level 8 in Shields
 24621 | Lair:3   | Reached skill level 8 in Evocations
 25495 | Lair:3   | Reached skill level 9 in Invocations
 26135 | Lair:3   | Reached skill level 8 in Transmutations
 26552 | Lair:4   | Found a runed translucent door.
 26556 | Lair:4   | Noticed Engugefu's ghost (journeyman DsTm)
 26588 | Lair:4   | Killed Engugefu's ghost
 26617 | Lair:4   | Reached skill level 7 in Conjurations
 26617 | Lair:4   | Reached skill level 7 in Hexes
 26617 | Lair:4   | Reached skill level 7 in Summonings
 26617 | Lair:4   | Reached skill level 7 in Necromancy
 26617 | Lair:4   | Reached skill level 7 in Translocations
 26617 | Lair:4   | Reached skill level 7 in Fire Magic
 26617 | Lair:4   | Reached skill level 7 in Ice Magic
 26617 | Lair:4   | Reached skill level 7 in Air Magic
 26617 | Lair:4   | Reached skill level 7 in Earth Magic
 26617 | Lair:4   | Reached skill level 7 in Poison Magic
 26905 | Lair:4   | Reached **** piety under Ashenzari
 27187 | Lair:4   | Found a staircase to the Snake Pit.
 27382 | Lair:4   | Reached skill level 9 in Fighting
 27688 | Lair:4   | Reached skill level 10 in Spellcasting
 28435 | Lair:5   | Reached XP level 14. HP: 108/108 MP: 14/28
 28965 | Lair:5   | Reached ***** piety under Ashenzari
 29009 | Lair:5   | Reached skill level 10 in Dodging
 29668 | Orc:1    | Entered Level 1 of the Orcish Mines
 29812 | Orc:2    | Entered Level 2 of the Orcish Mines
 29818 | Orc:2    | Found a staircase to the Elven Halls.
 30000 | Orc:2    | Reached skill level 11 in Unarmed Combat
 30256 | Orc:2    | Reached skill level 9 in Short Blades
 30256 | Orc:2    | Reached skill level 9 in Long Blades
 30256 | Orc:2    | Reached skill level 9 in Axes
 30256 | Orc:2    | Reached skill level 9 in Maces & Flails
 30256 | Orc:2    | Reached skill level 9 in Polearms
 30256 | Orc:2    | Reached skill level 9 in Staves
 30256 | Orc:2    | Reached skill level 9 in Slings
 30256 | Orc:2    | Reached skill level 9 in Bows
 30256 | Orc:2    | Reached skill level 9 in Crossbows
 30256 | Orc:2    | Reached skill level 9 in Throwing
 30256 | Orc:2    | Reached skill level 9 in Armour
 30256 | Orc:2    | Reached skill level 9 in Stealth
 30256 | Orc:2    | Reached skill level 9 in Shields
 30256 | Orc:2    | Reached skill level 9 in Evocations
 32608 | Orc:1    | Reached skill level 10 in Invocations
 33891 | Orc:2    | Found Bipeix's Assorted Antiques.
 33894 | Orc:2    | Found Faho's General Store.
 33897 | Orc:2    | Found Peipsono's Armour Boutique.
 33898 | Orc:2    | Found Liehy's Antique Armour Shop.
 34735 | D:9      | Upgraded the game from 0.27-a0-320-g81d27af to
                  | 0.27-a0-328-g7f782ed
 34735 | D:9      | Identified the +5 war axe "Zisajot" {protect, rC+ Dex+6
                  | SInv}
 34735 | D:9      | Identified a +2 robe of resistance (You found it on level 2
                  | of the Lair of Beasts)
 35116 | D:11     | Bought an ancient cloak for 275 gold pieces
 35116 | D:11     | Identified the +1 cloak of the Forsaken Artisans {rPois
                  | rN++ Slay-3 SInv} (You bought it in a shop on level 11 of
                  | the Dungeon)
 35344 | D:12     | Noticed Jorgrun
 35371 | D:12     | HP: 8/109 [Jorgrun/staff of earth (5)]
 35371 | D:12     | Slain by Jorgrun

Vanquished Creatures
  The ghost of Engugefu the Transmogrifier, a journeyman DsTm of Xom (Lair:4)
  A boulder beetle (D:11)
  7 hydras
  5 two-headed ogres
  6 death yaks
  5 orc high priests (Orc:2)
  2 unseen horrors
  A lindwurm (Lair:4)
  6 orc knights (Orc:2)
  A deep elf pyromancer (D:8)
  2 orc sorcerers
  2 merfolk sirens (Lair:2)
  4 elephants (Lair:3)
  6 black mambas
  8 cane toads
  A gargoyle (D:10)
  Maggie (D:6)
  A rime drake (Lair:3)
  7 komodo dragons
  A polar bear (Lair:4)
  A merfolk (Lair:2)
  Prince Ribbit (D:6)
  2 trolls
  11 blink frogs
  6 dream sheep (Lair:5)
  6 spriggans (Lair:3)
  22 yaks
  2 basilisks
  2 fire bats (Lair:5)
  4 wyverns
  A vampire mosquito (D:12)
  5 wargs
  2 nagas (Lair:4)
  11 water moccasins
  Duvessa (D:6)
  2 ice beasts
  34 orc warriors
  5 sky beasts
  An eye of draining (D:9)
  13 wolves
  5 ogres
  2 centaurs
  A phantom (D:9)
  18 bullfrogs
  3 gnoll sergeants
  3 kobold brigands
  Dowan (D:6)
  A wyvern zombie (D:12)
  A wyvern skeleton (D:6)
  3 scorpions
  14 killer bees
  31 wights
  6 electric eels
  A lava snake (D:12)
  2 centaur zombies
  2 centaur skeletons
  30 orc priests
  Crazy Yiuf (D:3)
  A bullfrog skeleton (D:11)
  7 hounds
  A jelly (D:7)
  4 iguanas
  Natasha (D:3)
  24 orc wizards
  10 worker ants
  A worker ant zombie (D:7)
  17 adders
  19 gnolls
  2 howler monkey skeletons
  A shadow imp (D:9)
  4 white imps
  3 ufetubi
  3 oozes
  5 worms
  3 dart slugs (D:1)
  4 leopard geckos
  68 orcs
  7 giant cockroaches
  6 goblins
  5 hobgoblins
  7 jackals
  4 quokkas
  5 ball pythons
  8 bats
  5 frilled lizards
  13 kobolds
  A leopard gecko skeleton (D:4)
  A quokka skeleton (D:4)
  A quokka zombie (D:7)
  17 rats
583 creatures vanquished.

Vanquished Creatures (others)
  2 gnolls (D:6)
  An orc (Orc:1)
  27 fungi
  53 plants
83 creatures vanquished.

Grand Total: 666 creatures vanquished
